cellophane, neutral male gnomish Healer --- --- |..----..| |........| --- ---...--.| |..| |[...||.-- ----- --..| ---<--.--....--.|.---.- |..-- |...||.....-h.......... |-.| -.------...--....@..... --..| . |..........Z..........| ..............*......| ...........f......| ..h...........--.-- -.........--|...| --......-- --.-- --...-- |...- |...| --...---- -..| |.....|.| --- |...)...-- --.......| -----.-- --- cellophane the Rhizotomist Experience level: 1 Strength: 10 Dexterity: 10 Constitution: 14 Intelligence: 10 Wisdom: 16 Charisma: 16 Health: 0(12) Energy: 7(7) Def: 5 Gold: 1299 Moves: 2033 Dungeon seed: vBqhk-HWFSaIsZyU Game ID: cellophane_1525338161 Your Inventory: Coins $ - 1299 gold pieces Weapons a - a +0 scalpel (weapon in hand) Armor e - an uncursed +1 pair of leather gloves (being worn) n - an uncursed +0 orcish helm N - an uncursed +3 dwarvish cloak (being worn) Scrolls o - an uncursed scroll of scare monster A - an uncursed scroll of identify Spellbooks h - a blessed spellbook of healing i - a blessed spellbook of extra healing j - a blessed spellbook of stone to flesh Potions c - 3 uncursed potions of healing d - a blessed potion of healing f - 4 uncursed potions of extra healing l - 2 uncursed potions of water u - an uncursed potion of oil C - a cursed potion of monster detection Wands g - a wand of sleep (0:2) m - a wand of make invisible (0:2) p - a wand of light (0:10) Tools b - an uncursed stethoscope Gems q - an uncursed worthless piece of white glass r - an uncursed fluorite stone y - an uncursed worthless piece of green glass B - an uncursed worthless piece of blue glass Y - an uncursed chrysoberyl stone Spells and supernatural/magical abilities: Name Level Category Fail Memory h - healing 1 healing 0% 90% x - extra healing 3 healing 54% 90% S - stone to flesh 3 healing 64% 90% W - pray for help -- divine ? -- Your skills at the end: Fighting Skills Weapon Skills knife [Basic] Spellcasting Skills healing spells [Basic] Final Attributes: You were fervently aligned. You were poison resistant. You had infravision. You are dead. Vanquished creatures: a bugbear a shrieker a giant bat a coyote 3 hobbits a hobgoblin a giant rat 3 cave spiders 3 brown molds a yellow mold a red mold a gnome zombie a gecko 3 jackals a fox a kobold 3 goblins 2 sewer rats a grid bug 2 bats 4 lichens 3 kobold zombies 8 newts 47 creatures vanquished. Voluntary challenges: You were an atheist. You used a wielded weapon 2 times, starting on turn 699. You were a pacifist. You read items or engraved 9 times, starting on turn 184. You never genocided any monsters. You never polymorphed an object. You never changed form. You used no wishes. You never split a pudding. You wrote Elbereth's name 7 times, starting on turn 185. You never violated your personal moral code. Dungeon overview: The Dungeons of Doom: levels 1 to 5 Level 1 a fountain a long staircase Level 2 a fountain Level 3 stairs to The Gnomish Mines Level 4 Level 5 many fountains The Gnomish Mines: levels 4 to 5 Level 4 stairs to The Dungeons of Doom Level 5 <- You were here History has recorded: On T:1 you entered the Dungeons of Doom to retrieve the Amulet of Yendor! On T:402 you reached level 2 of The Dungeons of Doom. On T:776 you reached level 3 of The Dungeons of Doom. On T:973 you reached level 4 of The Dungeons of Doom. On T:1177 you reached level 5 of The Dungeons of Doom. On T:1349 you reached level 1 of The Gnomish Mines. On T:1829 you reached level 2 of The Gnomish Mines. Score breakdown: Gold: 139 ( 7300 points) Experience: 1 level ( 0 points) Exploration: 5 levels ( 10.20%) ( 8660 points) Discoveries: 1 item ( 0.34%) ( 1755 points) Valuables value: (no points given unless you survive) Artifact value: 0 ( 0 points) Variety of kills: 23 monsters ( 6.04%) ( 7370 points) Turncount: 2033 turns ( -25 points) Survival: died (score multiplied by 80%) Total score: 20048 Latest messages: The world spins and goes dark. You are beginning to feel weak. You come to. You see here a partly eaten bat corpse. You resume your meal. You don't feel so weak now. You are beginning to feel weak. You don't feel so weak now. You finish eating the bat corpse. You are beginning to feel weak. You bump into azog. You see here a yellowish brown gem. You bump into azog. You feel a bit steadier now. You hear some noises. The red mold is killed! The dwarf zombie hits! The dwarf zombie just misses! You hit the dwarf zombie. The dwarf zombie hits! You hear crashing rock. The dwarf zombie hits! You die... Final status: Goodbye cellophane the Healer, killed by a dwarf zombie... You died in The Gnomish Mines on dungeon level 5 with 20048 points, and 1299 pieces of gold, after 2033 moves. You were level 1 with a maximum of 12 hit points when you died.